Map: Apotheosis LE

Players

ConfusioN - Winner!

  • Race: Zerg Zerg
  • League: Diamond

Nickos

  • Race: Terran Terran
  • League: Gold

VOD

Have the link to the VOD?

Description

Time

  • Played on: Sept. 30, 2016, 9:19 p.m.
  • Length: 17:31
Show
View Real Time Build Order
Export as new Build Order

ConfusioN Zerg - Winner!

Build Orders: Hatch First, Muta Ling Bane 

Get SALT Encoding   

  12  0:01  Drone  
  13  0:12  Overlord  
  13  0:18  Drone  
  14  0:30  Drone  
  14  0:31  Drone  
  14  0:34  Drone  
  17  0:53  Hatchery  
  17  0:56  Drone  
  17  1:01  Extractor  
  17  1:02  Drone  
  17  1:06  Drone  
  18  1:19  Spawning Pool  
  17  1:26  Drone  
  18  1:33  Drone  
  19  1:42  Drone  
  20  1:50  Overlord  
  20  2:05  Drone  
  20  2:06  Drone  
  20  2:07  Queen x2  
  26  2:14  Zergling x2  
  27  2:17  Zergling x2  
  27  2:21  Zergling x2  
  29  2:27  Metabolic Boost, Drone  
  30  2:32  Drone  
  31  2:47  Queen x2  
  35  2:57  Drone  
  36  3:03  Overlord x2  
  36  3:21  Drone x5  
  36  3:22  Drone x2  
  43  3:31  Lair  
  43  3:35  Baneling Nest  
  43  3:39  Drone x2  
  43  3:40  Spore Crawler  
  43  3:44  Drone x2  
  45  3:49  Drone  
  45  3:50  Drone  
  47  4:00  Drone  
  47  4:01  Drone x4  
  52  4:04  Extractor  
  51  4:14  Drone  
  51  4:15  Drone, Evolution Chamber x2  
  51  4:21  Baneling x2  
  51  4:22  Baneling  
  51  4:33  Zergling x2  
  51  4:37  Overlord x3  
  52  4:38  Hatchery  
  51  4:47  Zerg Melee Weapons Level 1, Zerg Ground Armor Level 1  
  51  4:54  Drone x2, Extractor x2  
  51  4:55  Drone x4  
  55  5:08  Zergling x6  
  55  5:09  Zergling x4  
  60  5:23  Zergling x4  
  60  5:24  Zergling x6  
  65  5:30  Spire  
  65  5:31  Spore Crawler  
  65  5:34  Spore Crawler  
  62  5:39  Zergling x8  
  62  5:40  Zergling x2  
  67  5:48  Drone x2  
  69  5:52  Overlord  
  69  5:53  Overlord x3  
  69  6:01  Queen  
  71  6:06  Baneling  
  71  6:07  Baneling x6  
  71  6:08  Baneling x4  
  71  6:09  Baneling  
  71  6:16  Infestation Pit  
  71  6:18  Centrifical Hooks  
  70  6:31  Drone x7  
  77  6:36  Drone x3  
  77  6:37  Drone  
  81  6:45  Mutalisk x2  
  85  7:06  Corruptor, Mutalisk x2  
  85  7:07  Mutalisk  
  93  7:16  Zergling x6  
  93  7:17  Zergling x4  
  93  7:21  Overlord x2  
  93  7:22  Extractor  
  97  7:23  Overlord x3  
  97  7:25  Drone  
  97  7:29  Extractor  
  97  7:38  Mutalisk x2  
  97  7:39  Mutalisk  
  103  7:52  Mutalisk x2  
  103  7:56  Overlord x2  
  103  7:57  Zergling x2  
  103  7:58  Zergling x8  
  112  8:05  Overseer  
  112  8:07  Pneumatized Carapace  
  112  8:10  Zerg Flyer Weapons Level 1  
  112  8:13  Drone x9  
  112  8:15  Drone  
  99  8:45  Zergling x2  
  99  8:46  Zergling x26  
  106  9:05  Baneling  
  106  9:06  Baneling x18  
  106  9:08  Zergling x2  
  106  9:09  Zergling x14  
  69  9:30  Mutalisk x8  
  83  9:38  Queen  
  83  9:39  Drone  
  83  9:40  Drone x7  
  93  9:47  Mutalisk  
  93  9:49  Mutalisk  
  97  10:02  Mutalisk  
  97  10:06  Zergling x14  
  108  10:07  Zergling x4  
  97  10:31  Mutalisk  
  97  10:32  Mutalisk x2  
  97  10:35  Zergling x2  
  104  10:36  Zergling x14  
  104  10:39  Baneling x5  
  111  10:57  Drone x7  
  118  11:04  Baneling  
  118  11:05  Baneling x5  
  118  11:06  Zergling x4  
  118  11:10  Hatchery  
  119  11:15  Overlord x2  
  119  11:17  Zerg Melee Weapons Level 2, Zerg Ground Armor Level 2  
  119  11:25  Overlord x4  
  119  11:28  Zerg Flyer Weapons Level 2  
  119  11:37  Zergling x2  
  119  11:38  Zergling x14  
  127  11:53  Hive  
  127  11:57  Baneling x6  
  127  12:01  Mutalisk x2  
  127  12:04  Extractor  
  127  12:07  Extractor  
  129  12:21  Drone x14  
  143  12:24  Queen  
  145  12:40  Hatchery  
  131  12:52  Zergling x12  
  131  12:53  Zergling x26  
  140  13:03  Zergling x6  
  124  13:25  Mutalisk x4  
  124  13:26  Mutalisk x10  
  135  13:37  Baneling x5  
  135  13:38  Zergling x2  
  135  13:39  Zergling x10  
  134  13:57  Zergling x6  
  134  13:58  Zergling x2  
  138  14:07  Queen  
  140  14:10  Zergling x2  
  140  14:11  Zergling x16  
  149  14:22  Zergling x12  
  155  14:29  Zerg Melee Weapons Level 3  
  155  14:30  Zerg Ground Armor Level 3  
  155  14:31  Zerg Flyer Weapons Level 3  
  153  14:47  Extractor  
  153  14:49  Extractor  
  151  15:02  Zergling x2, Corruptor  
  151  15:04  Zergling x24  
  166  15:09  Baneling x7  
  166  15:10  Baneling x7  
  166  15:11  Baneling x3  
  147  15:35  Zergling x30  
  152  15:36  Zergling x18  
  141  15:58  Zergling x30  
  141  15:59  Zergling x4  
  158  16:11  Mutalisk x2  
  158  16:12  Mutalisk x2  
  158  16:15  Overlord  
  158  16:16  Hatchery  
  165  16:21  Baneling x3  
  165  16:22  Baneling x5  
  165  16:23  Baneling x8  
  165  16:40  Overlord x2  
  165  16:41  Overlord x3  
  165  16:43  Zergling x10  
  165  16:44  Zergling x2  
  165  16:46  Baneling x2  
  165  16:47  Baneling x7  
  168  16:48  Baneling x3  
Show
View Real Time Build Order
Export as new Build Order

Nickos Terran 

Build Orders: Reaper Expand, MMM Bio 

Get SALT Encoding   

  12  0:01  SCV  
  13  0:13  SCV  
  14  0:17  Supply Depot  
  14  0:25  SCV  
  15  0:39  SCV  
  15  0:40  Barracks  
  16  0:48  Refinery  
  16  0:51  SCV  
  17  1:03  SCV  
  18  1:16  SCV  
  19  1:33  Reaper  
  19  1:34  Orbital Command  
  20  1:42  Command Center  
  20  1:51  Barracks  
  20  2:01  Supply Depot  
  20  2:08  SCV  
  20  2:13  Barracks Reactor  
  21  2:20  SCV  
  22  2:29  Factory  
  22  2:33  SCV  
  23  2:45  SCV  
  23  2:46  Barracks Tech Lab  
  23  2:51  Refinery  
  24  2:56  Barracks  
  23  2:59  Barracks  
  23  3:02  Orbital Command  
  23  3:06  Marine  
  23  3:07  Marine  
  25  3:13  Bunker  
  25  3:17  SCV  
  26  3:24  Stimpack  
  26  3:27  SCV  
  26  3:29  SCV  
  28  3:42  Starport  
  28  3:45  SCV x2  
  28  3:48  Marine x2  
  31  3:49  Marine  
  31  3:51  Factory Reactor  
  33  3:59  Supply Depot  
  33  4:02  SCV  
  34  4:05  Supply Depot, SCV  
  35  4:14  SCV  
  36  4:18  SCV  
  36  4:19  Marine x2  
  36  4:20  Barracks Reactor  
  36  4:21  Barracks Reactor  
  39  4:26  SCV  
  42  4:31  Marauder  
  42  4:32  SCV  
  42  4:36  Supply Depot x2  
  43  4:38  SCV  
  43  4:42  Marine  
  43  4:44  Marine, SCV  
  47  4:51  Medivac, SCV  
  50  4:56  SCV  
  51  5:03  Marine x3, SCV  
  51  5:05  Marine  
  56  5:08  SCV  
  56  5:11  Supply Depot  
  56  5:13  Marine  
  58  5:15  SCV  
  59  5:25  SCV  
  59  5:26  Marine x4  
  59  5:27  SCV  
  65  5:32  Supply Depot  
  65  5:37  Factory Reactor  
  65  5:38  Marine  
  65  5:39  Medivac  
  67  5:46  Supply Depot  
  67  5:49  Marine x4  
  70  5:50  Marine  
  72  5:57  Marine x2  
  72  5:59  Supply Depot, SCV  
  72  6:00  SCV  
  76  6:06  Engineering Bay  
  76  6:07  Marine  
  76  6:10  Engineering Bay  
  77  6:12  SCV  
  77  6:13  SCV  
  77  6:14  Marine  
  77  6:17  Widow Mine  
  82  6:21  Hellion  
  82  6:24  SCV  
  85  6:26  Marine x3  
  85  6:28  Marine x2  
  90  6:33  Marine x2  
  90  6:39  SCV x2  
  94  6:47  Marine  
  94  6:48  Marine x3  
  94  6:50  Widow Mine  
  94  6:51  Hellion, SCV  
  103  6:57  SCV  
  103  6:59  Combat Shields  
  103  7:00  Marine x3  
  107  7:02  Medivac  
  107  7:05  Marine  
  107  7:06  Supply Depot  
  110  7:20  Terran Infantry Weapons Level 1  
  110  7:28  SCV x2, Marine x5  
  117  7:33  Terran Infantry Armor Level 1  
  117  7:34  Marine  
  118  7:59  Marine  
  118  8:13  Command Center  
  118  8:17  Supply Depot  
  118  8:20  Supply Depot  
  118  8:36  Marine, SCV  
  118  8:37  Marine x2  
  118  8:38  Medivac x2, Marine x4  
  118  8:39  Hellion  
  118  8:40  Hellion  
  117  8:52  SCV  
  117  8:54  Marine  
  117  8:55  Orbital Command, Marine x2  
  120  8:56  Marine  
  120  9:01  Marine x3  
  121  9:04  SCV  
  121  9:08  Medivac x2  
  101  9:30  Marine x3  
  101  9:31  Marine x3  
  96  9:36  Planetary Fortress  
  96  9:38  Marine  
  99  9:41  SCV x2  
  101  9:47  Armory  
  101  9:48  Marine x2  
  101  9:52  Barracks  
  103  9:53  SCV  
  103  9:54  Marine x3  
  103  9:56  Marauder  
  109  10:09  Marine x3  
  109  10:12  Marine x3  
  112  10:22  Marine  
  112  10:27  Marine  
  109  10:31  Marine x2  
  109  10:32  Marine x3  
  114  10:40  Marine  
  115  10:44  Barracks  
  115  10:45  Barracks  
  115  11:08  Marine x2  
  115  11:09  Marine x3  
  120  11:17  Marine  
  120  11:18  Marine x2  
  123  11:31  Refinery  
  123  11:32  Refinery  
  123  11:33  Marine x6  
  123  11:34  Marine  
  123  11:35  Marine x2  
  123  11:36  Hellion x2, Marine  
  137  11:51  Marine x2  
  137  11:52  Marine x5  
  137  11:53  Marine x3  
  147  12:09  Marine x2  
  147  12:12  Barracks x2  
  147  12:13  Barracks x2  
  149  12:32  Marine x2  
  149  12:41  Widow Mine x2, Marine x8  
  136  12:49  Marine  
  115  12:59  Marine x4  
  106  13:10  Widow Mine, Marine  
  106  13:11  Marine x5  
  108  13:14  Viking x2  
  108  13:15  Widow Mine  
  108  13:16  Marine x2  
  108  13:17  Marine x2  
  103  13:28  Marine x2  
  103  13:29  Marine x3  
  103  13:32  Marine  
  96  13:34  Marine x2  
  96  13:35  Marine x2  
  96  13:38  Widow Mine  
  90  13:44  Viking  
  90  13:46  Marine x3  
  90  13:47  Marine x2  
  94  13:50  Marine  
  94  13:52  Marine x2  
  94  13:53  Marine x2  
  97  13:57  Marine x2  
  97  13:58  Marine x2  
  101  14:04  Marine x4  
  101  14:05  Marine  
  101  14:08  Marine  
  107  14:10  Marine x4  
  107  14:15  Marine x3  
  107  14:16  Marine  
  115  14:22  Marine x5  
  120  14:26  Marine  
  120  14:35  Command Center  
  115  14:42  Marine  
  115  14:43  Marine x4  
  115  14:44  Marine x6  
  115  14:45  Marine  
  127  14:51  Barracks  
  127  14:52  Barracks x2  
  127  14:54  Barracks  
  127  14:56  Marine x2  
  127  14:59  Hellion x2  
  133  15:00  Marine  
  133  15:03  Command Center  
  133  15:06  Command Center  
  134  15:09  Marine  
  134  15:18  Marine x2  
  134  15:19  Marine  
  134  15:21  Marine  
  134  15:26  Marine  
  134  15:27  Viking x2  
  103  15:30  Marine x2  
  103  15:31  Marine x5  
  103  15:32  Marine x2  
  80  15:36  Marine x3  
  80  15:39  Marine  
  80  15:44  Marine  
  80  15:48  Marine x2  
  80  15:49  Marine x2  
  68  15:54  Marine x4  
  68  15:57  Marine  
  65  15:58  SCV  
  65  15:59  SCV  
  65  16:02  Marine  
  69  16:06  Barracks Tech Lab x4, Marine x2  
  69  16:07  Marine  
  69  16:08  Barracks Tech Lab  
  69  16:10  SCV  
  70  16:11  SCV  
  70  16:13  Marine x3  
  70  16:14  Marine  
  70  16:16  Marine  
  74  16:20  Marine  
  74  16:22  SCV  
  74  16:23  Medivac x2  
  74  16:24  Marine x3  
  74  16:25  Marauder x3  
  89  16:26  Marauder  
  89  16:28  Marine  
  89  16:31  Marine  
  89  16:32  Starport, Marauder  
  95  16:43  Marine x3  
  95  16:44  Marine x2  
  95  16:46  Marauder x3  
  108  16:47  Marauder x2  
  108  16:53  Marauder  
  112  17:01  Marine x2  
  110  17:08  Marauder x3  
  102  17:11  Marine  
Tags
 
Add a new tag
Caveats
  • Supply blocks, unpowered buildings, or Contaminate may cause inaccurate times.
  • Supply counts are checked every 10 seconds.